 Dungeon Crawl Stone Soup version 0.32-a0-961-gd60f5e5fc7 (webtiles) character file.

Game seed: 627598294346513793

891 snarfax the Chopper (level 8, 0/58 (62) HPs)
             Began as a Coglin Berserker on Apr 17, 2024.
             Was a Priest of Trog.
             Slain by a wight
             ... wielding a +5 great sword
              (11 damage)
             ... on level 5 of the Dungeon.
             The game lasted 00:08:57 (5879 turns).

snarfax the Chopper (Coglin Berserker)              Turns: 5879, Time: 00:08:58

HP:   0/58 (62)     AC:  8    Str: 19    XL:     8   Next: 6%
MP:   8/8           EV:  9    Int:  7    God:    Trog [***...]
Gold: 281           SH:  0    Dex: 14    Spells: 7/7 levels left

rFire   . . .        t - +3 hand axe (freeze) {Hisae}
rCold   . . .        i - +0 war axe {Fubuki}
rNeg    . . .        q - +0 scale mail
rPois   .            (no helmet)
rElec   .            (no cloak)
rCorr   .            m - +0 pair of gloves
SInv    .            (no boots)
Will    .....        (amulet unavailable) Stlth
                     (ring unavailable)
HPRegen 0.29/turn    (ring unavailable)
MPRegen 0.11/turn    (no gizmo)

%: no passive effects
@: drained, revving
A: off-hand wielding, slow wielding, warmup strikes, no jewellery
a: Invent Gizmo, Renounce Religion, Berserk, Trog's Hand


You were on level 5 of the Dungeon.
You worshipped Trog.
Trog was most pleased with you.
You visited 1 branch of the dungeon, and saw 6 of its levels.

You collected 281 gold pieces.

Inventory:

Hand Weapons
 i - a +0 war axe (offhand) {Fubuki}
 t - a +3 hand axe of freezing (weapon) {Hisae}
Missiles
 d - 4 poisoned darts (quivered)
Armour
 b - a +0 animal skin
 k - a +0 ring mail
 m - a +0 pair of gloves (worn)
 q - a +0 scale mail (worn)
Wands
 l - a wand of paralysis (10)
Scrolls
 c - a scroll of vulnerability
 f - a scroll of fear
 n - 3 scrolls of teleportation
 s - a scroll of poison
Potions
 e - a potion of brilliance {unknown}
 g - 2 potions of mutation
 h - 2 potions of heal wounds
 j - 4 potions of curing
 o - a potion of resistance {unknown}
 p - a potion of enlightenment {unknown}
 r - a potion of degeneration {unknown}
 u - a potion of cancellation {unknown}
 v - 2 potions of lignification


   Skills:
 + Level 5.3 Fighting
 * Level 7.0 Axes
 + Level 4.3 Armour
 - Level 1.7 Dodging


You had 7 spell levels left.
You didn't know any spells.
Your spell library was empty.

Dungeon Overview and Level Annotations

Branches:
Dungeon (6/15)             Temple (0/1) D:4

Altars:
Fedhas
Kikubaaqudgha
Makhleb
Trog
Vehumet

Shops:
D:1 ([


Innate Abilities, Weirdness & Mutations

You can wield a second weapon in your off-hand.
It takes a long time for you to wield or remove held weapons.
Your first few attacks do less damage.
You cannot equip rings or amulets.


Message History

HP restored.
There is a stone staircase leading down, spattered with blood here.
You climb downwards.
The wight misses you. The wight closely misses you.
The wight hits you with a +0 morningstar!
You feel drained.
The wight hits you with a +5 great sword!
There is a stone staircase leading up, spattered with blood here.
Unknown command.
The wight hits you with a +0 morningstar.
The wight hits you with a +0 war axe.
The wight hits you with a +5 great sword.
You climb upwards.
There is a stone staircase leading down, spattered with blood here.
You closely miss the wight with your +0 war axe.
You slash the wight with your +0 war axe!
You closely miss the wight with your +0 war axe.
You closely miss the wight with your +3 hand axe of freezing.
You hit the wight but do no damage.
You hit the wight with your +3 hand axe of freezing.
The wight barely misses you. The wight closely misses you.
The wight barely misses you.
You hit the wight but do no damage.
You slash the wight with your +0 war axe!
You hit the wight but do no damage.
You closely miss the wight with your +3 hand axe of freezing.
You hit the wight with your +3 hand axe of freezing. x2
You destroy the wight!
Trog accepts your kill. The wight barely misses you.
The wight hits you with a +5 great sword!
You feel drained.
Your Axes skill increases to level 7!
You closely miss the wight with your +0 war axe.
You hit the wight but do no damage.
You hit the wight with your +3 hand axe of freezing.
You hit the wight but do no damage. The wight hits you with a +0 war axe!
* * * LOW HITPOINT WARNING * * *
You feel drained.
The wight hits you with a +5 great sword!
You die...

.# #.########.# .# #.########.#
.######........#.#
......########.#.# #####.# #.#.#
#.# #.#.#############
#####.########.#........<....#
...............#############.####
...........#...z@######## #.#...
###.#.####...###z)......# #.#...
#.#[# ##.## ########.## #.#.##
#.#.# #.# #...# #.#.# #.#.# #.###
#...# #.#.## #.#.# #.#.## #...#
#..... #.#.# #..#.########.##
#.###. #.#.# #.###.....# #.# #.#
#. #.#.# #..#.####.# #.# #.###.


You could see 2 wights.

Vanquished Creatures
  2 ogres
  A scorpion (D:5)
  3 wights (D:5)
  4 bombardier beetles
  2 orc priests
  A sleepcap (D:5)
  Ijyb (D:5)
  An iguana (D:5)
  5 orc wizards
  3 adders
  A white imp (D:5)
  2 dart slugs
  5 ribbon worms
  9 orcs
  7 ball pythons
  6 bats
  An endoplasm (D:1)
  7 giant cockroaches
  7 goblins
  10 hobgoblins
  2 jackals (D:1)
  3 quokkas
  2 frilled lizards (D:2)
  5 kobolds
  6 rats
96 creatures vanquished.

Vanquished Creatures (others)
  An arcanist (D:5)
1 creature vanquished.

Grand Total: 97 creatures vanquished

Notes
Turn   | Place    | Note
-------+----------+-------------------------------------------
     0 | D:1      | snarfax the Coglin Berserker began the quest for the Orb.
     0 | D:1      | Reached XP level 1. HP: 18/18 MP: 1/1
   124 | D:1      | Reached XP level 2. HP: 23/24 MP: 2/2
   163 | D:1      | Found Oclaxofo's Antique Armour Shoppe.
   323 | D:1      | Reached XP level 3. HP: 26/29 MP: 3/3
   326 | D:1      | Reached ** piety under Trog
   498 | D:1      | Found a faded altar of an unknown god.
   572 | D:1      | Found Lara's Antique Weapon Shoppe.
  1726 | D:2      | Reached skill level 4 in Axes
  1726 | D:2      | Reached XP level 4. HP: 19/35 MP: 4/4
  2058 | D:3      | Found Bafeav's Weapon Shoppe.
  2137 | D:3      | Reached XP level 5. HP: 6/42 MP: 5/5
  2455 | D:3      | Found an ancient bone altar of Kikubaaqudgha.
  2971 | D:4      | Reached *** piety under Trog
  3191 | D:4      | Reached skill level 5 in Axes
  3191 | D:4      | Reached XP level 6. HP: 26/48 MP: 6/6
  3272 | D:4      | Found a blossoming altar of Fedhas.
  4338 | D:4      | Found a staircase to the Ecumenical Temple.
  4541 | D:5      | Entered Level 5 of the Dungeon
  4575 | D:5      | Noticed Ijyb
  4581 | D:5      | Reached XP level 7. HP: 54/55 MP: 7/7
  4594 | D:5      | Killed Ijyb
  4641 | D:5      | Reached skill level 6 in Axes
  4818 | D:5      | Found a radiant altar of Vehumet.
  4920 | D:5      | Found a bloodstained altar of Trog.
  4923 | D:5      | Noticed a wizard
  4929 | D:5      | Killed a wizard
  5338 | D:5      | Found a burning altar of Makhleb.
  5385 | D:5      | Reached skill level 5 in Fighting
  5748 | D:5      | Reached XP level 8. HP: 13/61 MP: 8/8
  5879 | D:5      | Reached skill level 7 in Axes
  5879 | D:5      | Slain by a wight

Illustrated notes

Levels and vault maps discovered:
D:1:      hellmonk_arrival_library, layout_basic,
          hellmonk_ecumenical_altar_crossroads, serial_shops,
          nicolae_shop_peninsula, shop
D:2:      layout_loops_corners, minivault_27, dk_vineyard_2,
          chequers_mini_garden, st_stairs_2, serial_bayou_crossing
D:3:      layout_basic, mainiacjoe_overflow_alcove_4, serial_shops,
          nicolae_shop_waterfront, kennysheep_generic_room_7
D:4:      layout_layer_cave, mainiacjoe_overflow_boulevard,
          minmay_temple_entry_enclosed_plants, chequers_serial_rivers_room_a
D:5:      layout_loops_ring, lightli_temple_of_fire, trog_wizard,
          lemuel_coloured_pillars_altar, uniq_ijyb
D:6:      layout_basic, led_xom_imps, serial_library_hellmonk_open_cross,
          corexii_leaking_fountain

Skill      XL: |  1  2  3  4  5  6  7  8 |
---------------+-------------------------+-----
Armour         | 2 3 4 |  4.3
Axes           | 4 5 6 7 |  7.0
Fighting       | 4 5 |  5.3
Dodging        | |  1.7

Action                     |  1- 3 |  4- 6 |  7- 9 || total
---------------------------+-------+-------+-------++-------
  Melee: Dagger            |   102 |    34 |       ||   136
         Hand axe          |   108 |    99 |    56 ||   263
         War axe           |       |    64 |    59 ||   123
  Throw: Dart              |       |     4 |     2 ||     6
 Invoke: Berserk           |     1 |     1 |     1 ||     3
         Trog's Hand       |       |     1 |     2 ||     3
    Use: Scroll            |     4 |     9 |     1 ||    14
 Armour: Animal skin       |    32 |       |       ||    32
         Ring mail         |    35 |       |       ||    35
         Scale mail        |       |    81 |    54 ||   135
  Dodge: Dodged            |    75 |    37 |    23 ||   135

Table legend: (Time is in decaauts)
 A = Elapsed time spent in this place.
 B = Non-inter-level travel time spent in this place.
 C = Inter-level travel time spent in this place.
 D = Time resting spent in this place.
 E = Time spent auto-exploring this place.
 F = Levels seen in this place.
 G = Mean time per level.
                   A        B        C        D        E       F      G
               +--------+--------+--------+--------+--------+-----+--------+
         Total |   5941 |   5820 |    121 |    466 |   4603 |   6 |  990.2 |
       Dungeon |   5941 |   5820 |    121 |    466 |   4603 |   6 |  990.2 |
               +--------+--------+--------+--------+--------+-----+--------+

Top non-repeatable levels by time:
     D:4: 1691 daAuts
     D:5: 1341 daAuts
     D:1: 1047 daAuts
     D:2: 1010 daAuts
     D:3: 835 daAuts
     D:6: 15 daAuts
